General information
- name: BNet
- type: Ladder team game (AT/RT)
- host: Battle.net
- saver: brucewillisusa
map: ExcavationSite
- players: 4
- length: 06:40
- speed: Fast
- version: 1.24 W3XP
- replay type: Public
» download(30 KB)
Players
team 1 (loser)

»
brucewillisusa (
yellow | 48 APM | 323 actions | 06:40)
2 Lich
1 Frost Nova
1 Frost Armor
» actions
| Assign group hotkey | 50 | |
| Basic commands | 14 | |
| Build / train | 22 | |
| Enter build submenu | 12 | |
| Enter hero's abilities submenu | 2 | |
| Right click | 55 | |
| Select / deselect | 72 | |
| Select group hotkey | 83 | |
| Use ability | 13 | |
323 total
» units
» buildings
| Crypt | 1 | |
| Ziggurat | 6 | |
| Altar of Darkness | 1 | |
| Halls of the Dead | 1 | |
9 total
» build order
00:14 Crypt
00:17 Ziggurat
00:36 Altar of Darkness
00:58 Ziggurat
02:11 Ziggurat
03:16 Ziggurat
03:46 Halls of the Dead
04:11 Ziggurat
05:47 Ziggurat
flickative (
blue | 77 APM | 517 actions | 06:40)
2 Archmage
1 Summon Water Elemental
1 Brilliance Aura
» actions
| Assign group hotkey | 17 | |
| Basic commands | 77 | |
| Build / train | 29 | |
| Enter build submenu | 17 | |
| Enter hero's abilities submenu | 2 | |
| Right click | 191 | |
| Select / deselect | 111 | |
| Select group hotkey | 50 | |
| Use ability | 23 | |
517 total
» units
» upgrades
» buildings
| Altar of Kings | 1 | |
| Farm | 7 | |
| Barracks | 1 | |
| Keep | 2 | |
| Arcane Vault | 2 | |
| Lumber Mill | 1 | |
| Blacksmith | 1 | |
| Arcane Sanctum | 2 | |
17 total
» build order
00:10 Altar of Kings
00:20 Farm
00:24 Barracks
00:37 Farm
01:28 Farm
01:58 Farm
02:13 Farm
03:00 Keep
03:00 Keep
03:22 Arcane Vault
03:25 Arcane Vault
03:43 Farm
04:17 Lumber Mill
04:36 Farm
04:38 Blacksmith
05:23 Arcane Sanctum
05:26 Arcane Sanctum
» items
team 2 (winner)

»
Markshappy (
purple | 62 APM | 414 actions | 06:40)
2 Death Knight
1 Death Coil
1 Unholy Aura
» actions
| Assign group hotkey | 19 | |
| Basic commands | 28 | |
| Build / train | 26 | |
| Enter build submenu | 15 | |
| Enter hero's abilities submenu | 2 | |
| Remove unit from queue | 1 | |
| Right click | 106 | |
| Select / deselect | 188 | |
| Select group hotkey | 9 | |
| Use ability | 20 | |
414 total
» units
| Acolyte | 4 | |
| Ghoul | 2 | |
| Crypt Fiend | 6 | |
12 total
» buildings
| Graveyard | 1 | |
| Crypt | 1 | |
| Ziggurat | 3 | |
| Altar of Darkness | 1 | |
| Tomb of Relics | 1 | |
| Nerubian Tower | 3 | |
| Halls of the Dead | 3 | |
| Slaughterhouse | 1 | |
14 total
» build order
00:07 Graveyard
00:17 Crypt
00:42 Ziggurat
01:06 Altar of Darkness
01:57 Tomb of Relics
02:03 Ziggurat
02:32 Nerubian Tower
02:32 Nerubian Tower
03:44 Halls of the Dead
03:45 Halls of the Dead
04:29 Ziggurat
06:11 Slaughterhouse
» items

»
iNTeL.TopNoTcH (
teal | 78 APM | 522 actions | 06:40)
3 Blademaster
1 Wind Walk
2 Critical Strike
» actions
| Assign group hotkey | 8 | |
| Basic commands | 30 | |
| Build / train | 23 | |
| Enter build submenu | 8 | |
| Enter hero's abilities submenu | 3 | |
| Give item / drop item | 1 | |
| Right click | 155 | |
| Select / deselect | 144 | |
| Select group hotkey | 131 | |
| Use ability | 19 | |
522 total
» units
| Peon | 8 | |
| Grunt | 6 | |
| Giant Sea Turtle | 1 | |
15 total
» buildings
| Altar of Storms | 1 | |
| Orc Burrow | 4 | |
| Barracks | 1 | |
| Voodoo Lounge | 1 | |
| Stronghold | 1 | |
| Beastiary | 1 | |
9 total
» build order
00:06 Altar of Storms
00:17 Orc Burrow
00:39 Barracks
01:25 Orc Burrow
01:57 Voodoo Lounge
02:54 Stronghold
03:31 Orc Burrow
04:17 Orc Burrow
06:24 Beastiary
» items
Chat log
(01:32 / Allies) brucewillisusa: can u open
(01:33 / Allies) brucewillisusa: with flamestrike
(01:45 / Allies) flickative: uhh i was getting am
(01:49 / Allies) brucewillisusa: k
(01:50 / Allies) flickative: you want me to get bm?
(01:53 / Allies) brucewillisusa: no its ok
(04:34 / All) brucewillisusa: hacker
(05:23 / All) brucewillisusa: hacker
(05:29 / All) iNTeL.TopNoTcH: lol?
(05:32 / All) brucewillisusa: hacker
(05:34 / All) iNTeL.TopNoTcH: u callin me a hacker for what
(05:39 / All) iNTeL.TopNoTcH: cuz u can see my pings? lol
(05:43 / All) iNTeL.TopNoTcH: that makes you a hacker.. sorry
(05:45 / All) brucewillisusa: calling the guy who pinged and sprinted to my expo a hacker
(05:52 / All) Markshappy: howd u know he pinged?
(05:56 / All) brucewillisusa: i have maphack
(06:02 / All) iNTeL.TopNoTcH: so stop crying
(06:02 / All) Markshappy: so fuck u too
(06:07 / All) brucewillisusa: ur a hacker tho
(06:10 / All) brucewillisusa: now everyoen knows
(06:16 / All) iNTeL.TopNoTcH: nope
(06:18 / All) iNTeL.TopNoTcH: thats you
(06:19 / All) brucewillisusa: yep
(06:22 / All) brucewillisusa: we are both hackers
(06:27 / All) iNTeL.TopNoTcH: nop
(06:29 / All) iNTeL.TopNoTcH: just u
(06:33 / All) iNTeL.TopNoTcH: i cant see pings or anything
(06:38 / All) iNTeL.TopNoTcH: apparently u can